 Dungeon Crawl Stone Soup version 0.26-a0-672-g1df16c3386 (webtiles) character file.

Game seed: 1957435532581589775

151 mandarbmax the Chopper (level 5, 0/41 HPs)
             Began as a Formicid Fighter on Oct 19, 2020.
             Succumbed to an orc wizard's poison
             ... on level 3 of the Dungeon.
             The game lasted 00:02:40 (1831 turns).

mandarbmax the Chopper (Formicid Fighter)           Turns: 1831, Time: 00:02:41

Health: 0/41       AC:  6    Str: 26    XL:     5   Next: 60%
Magic:  5/5        EV:  8    Int:  8    God:
Gold:   80         SH: 10    Dex: 11    Spells: 4/4 levels left

rFire    . . .     SeeInvis +   a - +0 war axe
rCold    . . .     Faith    .   c - +0 kite shield
rNeg     . . .     Spirit   .   b - +0 scale mail
rPois    .         Reflect  .   (helmet unavailable)
rElec    .         Harm     .   (no cloak)
rCorr    .         Rampage  .   (no gloves)
MR       .....                  (no boots)
Stlth    ..........             (no amulet)
HPRegen  0.13/turn              j - +6 ring of strength
MPRegen  0.09/turn              (no ring)

@: brilliant, lethally poisoned (0 -> -4), very slightly contaminated, invisible
A: permanent stasis, dig shafts and tunnels, four strong arms, antennae 3
a: Dig, Shaft Self


You were on level 3 of the Dungeon.
You visited 1 branch of the dungeon, and saw 3 of its levels.

You collected 80 gold pieces.

Inventory:

Hand Weapons
 a - a +0 war axe (weapon)
Missiles
 m - 16 bolts
Armour
 b - a +0 scale mail (worn)
 c - a +0 kite shield (worn)
Jewellery
 j - a +6 ring of strength (left hand)
Scrolls
 i - a scroll of random uselessness
 k - a scroll of teleportation
Potions
 d - a potion of might
 n - a potion of invisibility


   Skills:
 + Level 3.2 Fighting
 - Level 5.2 Axes
 - Level 3.2 Armour
 - Level 4.0 Shields


You had 4 spell levels left.
You didn't know any spells.
Your spell library was empty.

Dungeon Overview and Level Annotations

Branches:
Dungeon (3/15)

Altars:


Innate Abilities, Weirdness & Mutations

You cannot be hasted, slowed, berserked, paralysed or teleported.
You can dig through walls and to a lower floor.
Your four strong arms can wield two-handed weapons with a shield.
You have a pair of large antennae on your head. (SInv)


Message History

You feel sick.
* * * LOW HITPOINT WARNING * * *
You feel sick.
* * * LOW HITPOINT WARNING * * *
You feel sick.
* * * LOW HITPOINT WARNING * * *
You feel sick.
* * * LOW HITPOINT WARNING * * *
You feel sick.
* * * LOW HITPOINT WARNING * * *
You feel sick.
* * * LOW HITPOINT WARNING * * *
You feel sick.
A goblin comes into view. It is wielding a +0 dagger.
The goblin shouts!
* * * LOW HITPOINT WARNING * * *
You feel sick.
* * * LOW HITPOINT WARNING * * *
You feel sick.
You die...

#.# #.# #.# #.# #.#
# #.# #.# ####. #.#
#.# #... #.# #.#
###.# #g#
#.####..†######
#.###.......)......
#.@..........#####.
##########)#.# #.
#.#.#####.
#.#.......
#.#######. #.# ##
#(# #.# #.#


You could see a goblin.

Vanquished Creatures
  An orc wizard (D:3)
  6 adders (D:2)
  2 dart slugs (D:1)
  2 worms (D:2)
  5 orcs (D:3)
  3 bats (D:1)
  2 giant cockroaches
  7 goblins
  8 hobgoblins
  4 jackals (D:1)
  A frilled lizard (D:1)
  7 kobolds
  10 rats
58 creatures vanquished.

Notes
Turn   | Place    | Note
-------+----------+-------------------------------------------
     0 | D:1      | mandarbmax the Formicid Fighter began the quest for the
                  | Orb.
     0 | D:1      | Reached XP level 1. HP: 18/18 MP: 1/1
   187 | D:1      | Reached XP level 2. HP: 24/24 MP: 2/2
   443 | D:1      | Reached skill level 3 in Axes
   443 | D:1      | Reached XP level 3. HP: 24/29 MP: 3/3
  1145 | D:2      | Reached XP level 4. HP: 30/35 MP: 4/4
  1253 | D:2      | Reached skill level 4 in Axes
  1581 | D:2      | Reached XP level 5. HP: 40/41 MP: 5/5
  1808 | D:3      | Reached skill level 5 in Axes
  1825 | D:3      | HP: 2/41 [poisoned by an orc wizard]
  1831 | D:3      | Succumbed to an orc wizard's poison

Illustrated notes

Levels and vault maps discovered:
D:1:      lemuel_arrival_lava_pool, layout_basic, minmay_misc_feat_five,
          minmay_misc_feat_rows
D:2:      layout_loops_ring, minmay_tiny_reverse_x
D:3:      layout_loops_ring, nicolae_overflow_hidden_temple, uniq_grinder,
          uniq_crazy_yiuf_cottage, uniq_ijyb

Skill      XL: |  1  2  3  4  5 |
---------------+----------------+-----
Shields        | 4 |  4.0
Axes           | 3 4 5 |  5.2
Fighting       | |  3.2
Armour         | |  3.2

Action                   |  1- 3 |  4- 6 || total
-------------------------+-------+-------++-------
Melee: War axe           |   106 |    48 ||   154
  Use: Scroll            |       |     6 ||     6
       Potion            |       |     3 ||     3
Armor: Scale mail        |    55 |    15 ||    70
Dodge: Dodged            |    34 |     8 ||    42
Block: Kite shield       |    50 |    19 ||    69

Table legend: (Time is in decaauts)
 A = Elapsed time spent in this place.
 B = Non-inter-level travel time spent in this place.
 C = Inter-level travel time spent in this place.
 D = Time resting spent in this place.
 E = Time spent auto-exploring this place.
 F = Levels seen in this place.
 G = Mean time per level.
                   A        B        C        D        E       F      G
               +--------+--------+--------+--------+--------+-----+--------+
         Total |   1889 |   1830 |     59 |    311 |   1134 |   3 |  629.7 |
       Dungeon |   1889 |   1830 |     59 |    311 |   1134 |   3 |  629.7 |
               +--------+--------+--------+--------+--------+-----+--------+

Top non-repeatable levels by time:
     D:1: 1057 daAuts
     D:2: 746 daAuts
     D:3: 85 daAuts
